 Dungeon Crawl Stone Soup version 0.28-a0-804-g60983d4ba9 (webtiles) character file.

Game seed: 8506856922679151334

8 croobank the Insei (level 2, 0/18 HPs)
             Began as an Octopode Transmuter on Nov 7, 2021.
             Frozen to death by an endoplasm (5 damage)
             ... on level 2 of the Dungeon.
             The game lasted 00:02:02 (519 turns).

croobank the Insei (Octopode Transmuter)             Turns: 519, Time: 00:02:04

Health: 0/18       AC:  1    Str:  9    XL:     2   Next: 8%
Magic:  4/5        EV: 13    Int: 15    God:
Gold:   49         SH:  0    Dex: 12    Spells: 4/5 levels left

rFire   . . .      SeeInvis .   b - +4 dagger (speed)
rCold   . . .      Faith    .   (no shield)
rNeg    . . .      Spirit   .   (helmet currently unavailable)
rPois   .          Reflect  .   (no amulet)
rElec   .          Harm     .   (no ring)
rCorr   .          Rampage  .   (no ring)
Will    .....                   (no ring)
Stlth   ++........              (no ring)
HPRegen 0.06/turn               (no ring)
MPRegen 0.09/turn               (no ring)
                                (no ring)
                                (no ring)

@: appendages
A: tentacle spike 3, almost no armour, amphibious, 8 rings, camouflage 1,
gelatinous body 1, (nimble swimmer 1), tentacles
a: End Transformation


You were on level 2 of the Dungeon.
One of your tentacles had grown a beastly spike.
You visited 1 branch of the dungeon, and saw 2 of its levels.

You collected 49 gold pieces.

Inventory:

Hand Weapons
 a - a +0 spear
 b - a +4 dagger of speed (weapon)


   Skills:
 + Level 1.1 Fighting
 + Level 2.3 Dodging
 + Level 3.1 Unarmed Combat
 + Level 2.1 Spellcasting
 + Level 2.0 Transmutations


You had 4 spell levels left.
You knew the following spells:

 Your Spells              Type           Power      Damage    Failure   Level
a - Beastly Appendage     Tmut           14%        N/A       10%         1

Your spell library contained the following spells:

 Spells                   Type           Power      Damage    Failure   Level
 Wereblood                Tmut           7%         N/A       14%         2
 Spider Form              Tmut/Pois      4%         N/A       41%         3
 Ice Form                 Ice/Tmut       4%         N/A       82%         4


Dungeon Overview and Level Annotations

Branches:
Dungeon (1/15)

Altars:


Innate Abilities, Weirdness & Mutations

One of your tentacles has grown a beastly spike.
You cannot wear most types of armour.
You are amphibious.
You can wear up to eight rings at the same time.
Your skin changes colour to match your surroundings (Stealth+).
Your rubbery body absorbs attacks. (AC +1, EV +1)
((You are camouflaged near water. (Stealth+)))
You have tentacles for arms and can constrict up to eight enemies at once.


Message History

The ball python closely misses you.
You hit the ball python.
You kill the ball python!
You have reached level 2!
The goblin hits you with a +4 dagger of speed. x2
You completely miss the goblin. Your grab misses the goblin.
The goblin barely misses you.
You hit the goblin.
You kill the goblin!
Things that are here:
a +4 dagger of speed; a goblin corpse
b - a +4 dagger of speed Your tentacles tingle!
b - a +4 dagger of speed (weapon)
HP restored.
An endoplasm comes into view.
Found a stone staircase leading down.
An endoplasm is nearby!
An endoplasm is nearby!
An endoplasm is nearby!
A goblin comes into view. It is wielding a +0 club.
The goblin shouts!
The endoplasm quivers.
The goblin unwields a +0 club.
The goblin wields a +0 hunting sling.
The goblin shoots a stone.
The stone hits you.
You hit the endoplasm.
The endoplasm is heavily wounded.
The goblin shoots a stone.
The stone hits you.
You hit the endoplasm.
The endoplasm is almost dead.
The endoplasm freezes you.
You are frozen.
* * * LOW HITPOINT WARNING * * *
Casting: Beastly Appendage (safe; 10% risk of failure)
Press: ? - help, Q - select action Dir - look around, f - activate One of your tentacles grows a vicious spike.
The goblin shoots a stone.
The stone barely misses you. The endoplasm freezes you.
You are frozen.
You die...

##'## ##...## .#
##.....## ####.##
##.......## ##.#...#
#.........# ##......
+....†....+ ......
#......†..# ..g#
##.......######.##>#...
...
##.....#......@J....#
...
##...##.#########..#
... ##'###.# #.. #.#
#.# #.# #.. #.# #.# #.#
#.# #.# ##.###.+ #.#
####.#### #####...##.#
#.# #.......#
.........#.#
#.###.#####.#
####.......# #..##.#
#.#


You could see an endoplasm and a goblin.

Vanquished Creatures
  A giant cockroach (D:1)
  A goblin (D:2)
  A hobgoblin (D:1)
  A quokka (D:1)
  A ball python (D:2)
  A kobold (D:1)
  2 rats
8 creatures vanquished.

Notes
Turn   | Place    | Note
-------+----------+-------------------------------------------
     0 | D:1      | croobank the Octopode Transmuter began the quest for the
                  | Orb.
     0 | D:1      | Reached XP level 1. HP: 13/13 MP: 3/3
   377 | D:1      | You fall into a shaft and drop 1 floor!
   429 | D:2      | Reached XP level 2. HP: 18/18 MP: 5/5
   519 | D:2      | Frozen to death by an endoplasm

Illustrated notes

Levels and vault maps discovered:
D:1:      minmay_arrival_radiant_lines, layout_basic
D:2:      layout_loops_corners, hellmonk_ecumenical_altar_inner_sanctum,
          serial_shops, nicolae_lakefront_shop

Action                   || total
-------------------------++-------
Melee: Spear             ||    12
       Constrict         ||     5
       Kick              ||     3
       Tentacles         ||     3
       Unarmed           ||     1
       Punch             ||     1
       Dagger            ||     2
 Cast: Beastly Appendage ||     3
 Stab: Sleeping          ||     2
Armor: Skin              ||     1
Dodge: Dodged            ||     7

Table legend: (Time is in decaauts)
 A = Elapsed time spent in this place.
 B = Non-inter-level travel time spent in this place.
 C = Inter-level travel time spent in this place.
 D = Time resting spent in this place.
 E = Time spent auto-exploring this place.
 F = Levels seen in this place.
 G = Mean time per level.
                   A        B        C        D        E       F      G
               +--------+--------+--------+--------+--------+-----+--------+
         Total |    518 |    518 |      0 |    189 |    265 |   2 |  259.0 |
       Dungeon |    518 |    518 |      0 |    189 |    265 |   2 |  259.0 |
               +--------+--------+--------+--------+--------+-----+--------+

Top non-repeatable levels by time:
     D:1: 377 daAuts
     D:2: 141 daAuts
